 Dungeon Crawl Stone Soup version 0.22-a0-91-g23542c2 (webtiles) character file.

60 4thArraOfDagon the Scratcher (level 3, -1/14 HPs)
             Began as a Felid Summoner on Jan 22, 2018.
             Slain by a worm (12 damage)
             ... on level 5 of the Dungeon.
             The game lasted 00:08:07 (1478 turns).

4thArraOfDagon the Scratcher (Felid Summoner)       Turns: 1478, Time: 00:08:07

Health: -1/14      AC:  1    Str:  4    XL:     3   Next: 82%
Magic:  1/7        EV: 18    Int: 17    God:
Gold:   64         SH:  0    Dex: 16    Spells: 0/6 levels left
                                        Lives:  0   Deaths: 1

rFire    . . .     SeeInvis +     - Unarmed
rCold    . . .     Gourm    .   (shield unavailable)
rNeg     . . .     Faith    .   (armour unavailable)
rPois    .         Spirit   .   (helmet unavailable)
rElec    .         Reflect  .   (cloak unavailable)
rCorr    .         Harm     .   (gloves unavailable)
MR       .....                  (boots unavailable)
Stlth    +++.......             (no amulet)
HPRegen  0.04/turn              (no ring)
MPRegen  0.10/turn              (no ring)

@: very slightly contaminated, quick
A: very small, no armour, no weapons or thrown items, stealth, claws 1, fangs 3,
see invisible, carnivore, speed 1, shaggy fur 1, slow metabolism 1, sharp paws
a: no special abilities


You were on level 5 of the Dungeon.
You were not hungry.

You visited 1 branch of the dungeon, and saw 5 of its levels.

You collected 64 gold pieces.

Inventory:

Scrolls
 e - 2 scrolls of remove curse
 g - a scroll of immolation {unknown}
 i - a scroll of fear {unknown}
 j - a scroll of enchant weapon {unknown}
Books
 a - a book of Callings

   Spells                             Type                      Level
   a - Summon Small Mammal            Summoning                    1
   b - Call Imp                       Summoning                    2
   c - Call Canine Familiar           Summoning                    3
   d - Summon Guardian Golem          Hexes/Summoning              3
   e - Summon Lightning Spire         Summoning/Air                4
   f - Summon Ice Beast               Ice/Summoning                4
Comestibles
 b - 2 rations


   Skills:
 - Level 3.0 Dodging
 - Level 3.0 Stealth
 * Level 4.2 Unarmed Combat
 - Level 2.0 Spellcasting
 - Level 4.0 Summonings


You couldn't memorise any spells.
You knew the following spells:

 Your Spells              Type           Power        Failure   Level  Hunger
a - Summon Small Mammal   Summ           ###.         3%          1    #......
b - Call Imp              Summ           ###.....     5%          2    ###....
c - Call Canine Familiar  Summ           ###.....     11%         3    ###....


Dungeon Overview and Level Annotations

Branches:
Dungeon (5/15)
 Temple: D:4-7

Altars:
Ashenzari
Elyvilon
Okawaru
Yredelemnul
Zin
The Shining One


Innate Abilities, Weirdness & Mutations

You cannot wear armour.
You are incapable of wielding weapons or throwing items.
Your paws allow you to move quietly. (Stealth)
You have sharp claws.
You have razor-sharp teeth.
You have supernaturally acute eyesight. (SInv)
You are carnivorous and can eat meat at any time.
You cover ground quickly.
You are covered in fur. (AC +1)
You have a slow metabolism.
Your sharp claws are effective at attacking unaware monsters.


Message History

Aim: a worm Attack!
Your shadow imp hits the worm.
Your crimson imp hits the worm.
Unknown command.
The worm bites your crimson imp!
Your crimson imp hits the worm.
Your shadow imp completely misses the worm.
The worm completely misses your crimson imp.
Your shadow imp hits the worm.
Your crimson imp barely misses the worm.
Your shadow imp hits the worm but does no damage.
Your crimson imp hits the worm.
The worm completely misses your crimson imp.
Your shadow imp hits the worm.
Your crimson imp blinks!
Your shadow imp hits the worm.
Your shadow imp barely misses the worm.
You scratch the worm.
The worm is almost dead.
The worm bites you!
Ouch! That really hurt!
You die...

##....##...#
##....#...# ..
##......# .#
##.....# ..#
##....# #..#
#...## #...##
##..## ##.....##
#...######.......#
##.......@w..#
#.........5..#
............5..#
....######......#
...# ####..># ...
##...# .. ##..#
...# ..$..


You could see a worm, a friendly crimson imp and a friendly shadow imp.

Vanquished Creatures
  2 orc wizards (D:4)
  3 adder skeletons (D:4)
  A leopard gecko (D:3)
  An orc (D:4)
  2 giant cockroaches
  2 goblins
  A hobgoblin (D:2)
  3 kobolds
  A quokka (D:4)
  4 bats
  6 rats
26 creatures vanquished.

Vanquished Creatures (collateral kills)
  A crimson imp (D:4)
  Terence (D:3)
  An adder skeleton (D:4)
  3 dart slugs
  3 orcs (D:4)
  A ball python (D:1)
  A giant cockroach (D:3)
  A goblin (D:1)
  A hobgoblin (D:1)
  A bat (D:2)
  2 kobolds (D:3)
16 creatures vanquished.

Grand Total: 42 creatures vanquished

Notes
Turn   | Place    | Note
-------+----------+-------------------------------------------
     0 | D:1      | 4thArraOfDagon the Felid Summoner began the quest for the Orb.
     0 | D:1      | Reached XP level 1. HP: 7/7 MP: 4/4
     9 | D:1      | 4thArraOfDagon: o hi
    82 | D:1      | Bazinga: !lg 4thArraOfDagon
    87 | D:1      | beem: 14052. 4thArraOfDagon the Caller (L3 FeSu), slain by a worker ant on D:4 on 2018-01-22 09:48:48, with 39 points after 935 turns and 0:05:08.
   114 | D:1      | Reached skill level 1 in Unarmed Combat
   125 | D:1      | Reached XP level 2. HP: 11/11 MP: 6/6
   163 | D:1      | Learned a level 2 spell: Call Imp
   221 | D:3      | BLOAX: So continue the Adventure of Cat
   229 | D:3      | BLOAX: in the land of shitty hpregen
   442 | D:3      | Found a shattered altar of Ashenzari.
   485 | D:3      | Found a glowing golden altar of the Shining One.
   485 | D:3      | Found a white marble altar of Elyvilon.
   486 | D:3      | Found a glowing silver altar of Zin.
   487 | D:3      | Found an iron altar of Okawaru.
   490 | D:3      | Found a basalt altar of Yredelemnul.
   605 | D:4      | Noticed a scorpion
   605 | D:4      | Noticed a scorpion
   665 | D:3      | Noticed Terence
   731 | D:3      | Killed Terence
   731 | D:3      | Reached XP level 3. HP: 14/14 MP: 3/7
   736 | D:3      | Learned a level 3 spell: Call Canine Familiar
   940 | D:1      | BLOAX: What perils shall he endure?
  1026 | D:4      | BLOAX: Only time will show!
  1091 | D:4      | BLOAX: ??statue form
  1091 | D:4      | beem: statue form[1/2]: Grants 17 + pow/10 AC, +30% HP, +2 Str, -2 Dex. Makes you take 50% more time to take any action, like the slow spell. Melds gloves, boots, bardings, and body armour. Provides rElec, rN+, 50% rTorm, rRot+, and poison immunity. 12 + unarmed_skill base unarmed damage and 50% bonus on all melee. Gargoyles can't cast this spell.
  1192 | D:4      | Reached XP level 4. HP: 17/18 MP: 2/8
  1209 | D:4      | Killed from afar by an orc wizard
  1210 | D:4      | Reached XP level 3. HP: -3/14 MP: 3/7
  1450 | D:5      | Entered Level 5 of the Dungeon
  1450 | D:5      | Noticed an ogre
  1478 | D:5      | Slain by a worm

Vault maps used:
D:1:      ncdulo_watergridlock
D:2:      lemuel_blue_sif_altar, minmay_shallow_snake_nest
D:3:      minitemple, uniq_terence
D:4:      first_ration
D:5:      minmay_temple_entry_hall, serial_shops, shop, dk_noncrumbling_3

Skill      XL: |  1  2  3  4 |
---------------+-------------+-----
Stealth        | 3 |  3.0
Unarmed Combat | 1 2 3 4 |  4.2
Dodging        | 3 |  3.0
Spellcasting   | |  2.0
Summonings     | |  4.0

Action                   |  1- 3 |  4- 6 || total
-------------------------+-------+-------++-------
Melee: Unarmed           |    53 |     9 ||    62
       Bite              |     5 |       ||     5
 Cast: Summon Small Mamm |     9 |       ||     9
       Call Imp          |    18 |       ||    18
       Call Canine Famil |     4 |       ||     4
  Use: Scroll            |     4 |       ||     4
       Potion            |     2 |       ||     2
 Stab: Sleeping          |    17 |       ||    17
       Distracted        |     1 |       ||     1
  Eat: Chunk             |     8 |       ||     8
Armor: Skin              |     2 |       ||     2
Dodge: Dodged            |    34 |     2 ||    36

Table legend:
 A = Spawn XP
 B = Non-spawn XP
 C = Spawn XP percentage of total XP
 D = Spawn monster count
 E = Non-spawn monster count
 F = Spawn count percentage of total count
 G = Total turns spent on level
                    A         B        C        D         E        F      G
               +---------+---------+-------+---------+---------+-------+---------
         Total |       0 |     169 |   0.0 |       0 |      42 |   0.0 |  1478
               +---------+---------+-------+---------+---------+-------+---------
           D:1 |       0 |      14 |   0.0 |       0 |       9 |   0.0 |   190
           D:2 |       0 |      12 |   0.0 |       0 |       8 |   0.0 |   205
           D:3 |       0 |      34 |   0.0 |       0 |      13 |   0.0 |   601
           D:4 |       0 |     109 |   0.0 |       0 |      12 |   0.0 |   454
               +---------+---------+-------+---------+---------+-------+---------
